 Dungeon Crawl Stone Soup version 0.31.0-32-g396128a36d (webtiles) character file.

Game seed: 11898018416296880309

112997 tbry the Phalangite (level 16, -2/162 HPs)
             Began as a Minotaur Fighter on Apr 21, 2024.
             Was a High Priest of Trog.
             Slain by a spriggan berserker
             ... wielding a +1 antimagic war axe
              (11 damage)
             ... on level 1 of the Depths.
             The game lasted 00:51:24 (20462 turns).

tbry the Phalangite (Minotaur Fighter)             Turns: 20462, Time: 00:51:24

Health: -2/162     AC: 34    Str: 27    XL:     16   Next: 13%
Magic:  0/15       EV: 15    Int:  5    God:    Trog [*****.]
Gold:   1843       SH:  0    Dex: 12    Spells: 12/15 levels left

rFire   + . .        a - +6 glaive (protect)
rCold   + . .        (shield currently unavailable)
rNeg    + . .        U - +4 plate armour {rF+}
rPois   +            p - +1 hat
rElec   .            A - +2 cloak {rPois}
rCorr   .            g - +0 pair of gloves
SInv    .            O - +1 pair of boots
Will    +++..        b - amulet "Qodof" {rC+ rN+ Regen+ Stlth+} Stlth
                     H - +5 ring of evasion
HPRegen 2.27/turn    s - +4 ring of protection
MPRegen 0.14/turn

%: no passive effects
@: about to teleport, strong-willed, on berserk cooldown, regenerating
A: horns 2, retaliatory headbutt
a: Renounce Religion, Berserk, Trog's Hand, Brothers in Arms


You were on level 1 of the Depths.
You worshipped Trog.
Trog was extremely pleased with you.
You visited 4 branches of the dungeon, and saw 23 of its levels.
You visited the Abyss 1 time.
You also visited: Sewer and Gauntlet.

You collected 2536 gold pieces.
You spent 693 gold pieces at shops.

Inventory:

Hand Weapons
 a - a +6 glaive of protection (weapon)
 j - the +8 halberd "Niungom" {freeze, rF+}
   (You found it on level 4 of the Dungeon)

   rF+:       It protects you from fire.
 y - a +0 arbalest
 J - a +5 antimagic glaive
Armour
 g - a +0 pair of gloves (worn)
 p - a +1 hat (worn)
 v - a +2 kite shield of protection
 A - a +2 cloak of poison resistance (worn)
 O - a +1 pair of boots (worn)
 U - a +4 plate armour of fire resistance (worn)
Jewellery
 b - the amulet "Qodof" (around neck) {rC+ rN+ Regen+ Stlth+}
   (You found it in a Gauntlet)

   [amulet of regeneration]

   rC+:       It protects you from cold.
   rN+:       It protects you from negative energy.
   Regen+:    It increases your rate of health regeneration.
   Stlth+:    It makes you more stealthy.
 r - a ring of protection from fire
 s - a +4 ring of protection (right hand)
 H - a +5 ring of evasion (left hand)
 L - the ring "Deciorgho" {+Blink Will+ Dex+6 Stlth+}
   (You found it on level 9 of the Dungeon)

   [ring of dexterity]

   Dex+6:     It affects your dexterity (+6).
   Will+:     It increases your willpower.
   +Blink:    It lets you blink.
   Stlth+:    It makes you more stealthy.
 T - a ring of willpower
Wands
 E - a wand of mindburst (18)
 G - a wand of flame (36)
 P - a wand of iceblast (3)
 Q - a wand of light (4)
 R - a wand of digging (9)
 X - a wand of polymorph (6)
Scrolls
 c - 5 scrolls of teleportation
 e - 3 scrolls of immolation
 f - 3 scrolls of blinking
 i - 2 scrolls of noise
 k - 5 scrolls of fear
 o - 2 scrolls of poison
 t - a scroll of summoning
 w - 2 scrolls of fog
 B - 5 scrolls of revelation
 D - 5 scrolls of vulnerability
 S - a scroll of enchant armour
 Y - 3 scrolls of silence
Potions
 d - 3 potions of might
 h - 3 potions of heal wounds
 l - 11 potions of curing
 m - a potion of enlightenment
 n - a potion of lignification {unknown}
 q - 3 potions of haste
 u - 6 potions of brilliance
 x - 2 potions of invisibility
 C - a potion of berserk rage
 F - 6 potions of cancellation
 I - a potion of attraction {unknown}
 K - a potion of resistance {unknown}
 N - 3 potions of mutation
 V - a potion of magic
 W - 3 potions of degeneration {unknown}
 Z - a potion of ambrosia {unknown}
Miscellaneous
 z - a condenser vane
 M - a lightning rod (4/4)


   Skills:
 * Level 19.8 Fighting
 + Level 4.5(15.2) Axes
 * Level 22.0(22.2) Polearms
 + Level 2.6 Ranged Weapons
 + Level 15.2 Armour
 + Level 6.5 Dodging
 + Level 1.5 Stealth
 + Level 4.7 Shields
 - Level 0.2 Spellcasting
 - Level 1.0 Conjurations
 - Level 0.9 Hexes
 + Level 1.3 Evocations


You had 12 spell levels left.
You knew the following spells:

 Your Spells              Type           Power      Damage    Failure   Level
a - Dazzling Flash        Conj/Hex       2%         N/A       100%        3

Your spell library contained the following spells:

 Spells                   Type           Power      Damage    Failure   Level
 Sublimation of Blood     Necr           0%         N/A       99%         2
 Volatile Blastmotes      Fire/Tloc      0%         2d10      100%        3
 Petrify                  Alch/Erth      0%         N/A       100%        4
 Irradiate                Conj/Alch      0%         3d11      100%        5
 Starburst                Conj/Fire      0%         6d3       100%        6
 Maxwell's Capacitive Co  Air            0%         ∞         100%        8


Dungeon Overview and Level Annotations

Branches:
Dungeon (15/15)            Temple (0/1) D:6            Lair (5/5) D:9
 Shoals (0/4) Lair:2        Snake (0/4) Lair:2        Slime (0/5) Lair:5
    Orc (2/2) D:12            Elf (0/3) Orc:2        Vaults (0/5) D:14
 Depths (1/4) D:15          Sewer (visited)         Gauntlet (visited)

Altars:
Dithmenos
Elyvilon
Gozag
Hepliaklqana
Qazlal
Ru
Trog
Uskayaw
Wu Jian
Xom
Yredelemnul
Jiyva

Shops:
D:4 ?   D:9 =   Orc:1 [   Orc:2 (*=

Portals:
Abyss: Depths:1

Annotations:
Lair:5 exclusion: orange crystal statue


Innate Abilities, Weirdness & Mutations

You have a pair of horns on your head.
You reflexively headbutt those who attack you in melee.


Message History

The polar bear bites your deep troll!!
The polar bear claws your deep troll. x2
Your deep troll bites something!!
Your deep troll closely misses something.
Your deep troll completely misses something.
Something hits your deep troll.
The spriggan berserker hits you with a +1 antimagic war axe.
* * * LOW HITPOINT WARNING * * *
You feel your power leaking away.
The spriggan berserker hits your deep troll with a +1 antimagic war axe!!
Your skin crawls.
You feel strong-willed. The polar bear bites your deep troll.
The polar bear barely misses your deep troll.
The polar bear claws your deep troll.
Your deep troll completely misses something.
Your deep troll claws something.
Your deep troll barely misses something.
The spriggan berserker hits you with a +1 antimagic war axe!!
* * * LOW HITPOINT WARNING * * *
The spriggan berserker hits your deep troll with a +1 antimagic war axe!!
Something closely misses your deep troll.
The polar bear bites your deep troll!
Your deep troll dies!
Your deep troll's corpse disappears in a puff of smoke!
You feel much better.
The spriggan berserker hits you but does no damage. x2
As you read the scroll of teleportation, it crumbles to dust.
You feel strangely unstable.
The polar bear bites you but does no damage.
The polar bear closely misses you.
The polar bear claws you but does no damage.
The spriggan berserker hits you with a +1 antimagic war axe!!
* * * LOW HITPOINT WARNING * * *
You feel your power leaking away. Something hits you but does no damage.
The polar bear bites you but does no damage.
The polar bear claws you but does no damage. x2
The spriggan berserker rages.
The spriggan berserker hits you with a +1 antimagic war axe!
You die...

...# .... ............##
.[.#..........
....#....#.....
####....#...###.### ∩
#......##...#.#.... ..
####§@#####...##.#.... .p#
#(..§ih.#....##..##..# ###e.
#.....§.#...##....#..§
......#.#.....#............#
........#.........#...###...
..#.....)†....#(..##[.# #.##
##...)#$....#....##[#.###
#....#.....#..#.#.(..#
#....#..#.#...#.....##


You could see a spriggan berserker (berserk, regenerating, strong-willed) and a
polar bear (summoned, berserk).

Vanquished Creatures
  Roxanne (D:15)
  Louise (D:15)
  The ghost of gummybears the Grappler, a journeyman TrFi of Wu Jian (Orc:2)
  2 frost giants
  11 slime creatures
  2 very ugly things
  3 stone giants (Depths:1)
  The ghost of Dungobob the Severer, a journeyman MiFi of Trog (Orc:2)
  The ghost of Lutiheq the Grappler, a journeyman DrSh of Wu Jian (Lair:4)
  A vampire knight (Depths:1)
  A minotaur (Gauntlet)
  The ghost of Eolas the Grappler, a journeyman TrFi of Hepliaklqana (Orc:2)
  A dire elephant (D:15)
  Josephine (Orc:1)
  Fannar (D:10)
  Harold (Lair:2)
  2 hydras
  A catoblepas (D:13)
  A great orb of eyes (D:15)
  An ogre mage (D:15)
  2 boulder beetles (D:14)
  8 two-headed ogres
  2 death knights (D:15)
  11 death yaks
  A deep troll earth mage (Depths:1)
  A vampire mage (Depths:1)
  A centaur warrior (D:10)
  A tengu warrior (Gauntlet)
  Urug (D:12)
  An occultist (D:10)
  2 orc high priests (Orc:2)
  A spriggan berserker (Depths:1)
  3 iron trolls (Depths:1)
  Nergalle (D:12)
  3 skysharks
  A flayed ghost (Depths:1)
  A deep troll (Depths:1)
  A large abomination (Abyss:3)
  2 phantasmal warriors (D:15)
  A lindwurm (Lair:2)
  2 orc knights (Orc:2)
  An ugly thing (Depths:1)
  4 deep elf pyromancers
  Maurice (D:9)
  6 cyclopes
  A wolf spider (D:15)
  3 manticores
  A meliai (shapeshifter) (D:10)
  A black mamba (shapeshifter) (D:14)
  4 black mambas
  An orange demon (Orc:2)
  2 unseen horrors
  14 cane toads
  A kobold demonologist (D:10)
  13 komodo dragons
  Psyche (D:8)
  Jeremiah (D:8)
  6 rime drakes
  3 freezing wraiths (D:15)
  7 trolls
  2 tengu conjurers
  A silent spectre (Abyss:3)
  An ancient zyme (Abyss:3)
  A tyrant leech (Gauntlet)
  10 polar bears
  A queen bee (Gauntlet)
  A wind drake (Lair:2)
  Prince Ribbit (D:9)
  4 hornets
  A raiju (Orc:2)
  Grinder (D:5)
  3 dream sheep (Lair:5)
  8 blink frogs
  A tarantella (Orc:1)
  12 spriggans (Lair:5)
  A vampire (D:13)
  2 fire bats
  9 wyverns
  78 yaks
  A human (D:12)
  A basilisk (Lair:3)
  6 wraiths
  16 vampire mosquitoes
  A harpy simulacrum (D:14)
  4 wargs
  3 redbacks (Orc:1)
  A steam dragon (Lair:1)
  2 swamp worms (Gauntlet)
  A small abomination (Abyss:3)
  2 acid dragons (D:10)
  A hell hound (Orc:2)
  17 water moccasins
  2 sky beasts
  2 ice beasts
  7 black bears
  28 orc warriors
  4 laughing skulls
  A crocodile (Sewer)
  2 ogres
  29 wolves
  4 boggarts (Lair:5)
  9 centaurs
  14 bullfrogs
  12 kobold brigands
  A necrophage (D:4)
  A brain worm (Sewer)
  3 gnoll sergeants
  4 scorpions
  7 wights
  4 killer bees (Gauntlet)
  3 howler monkeys (D:9)
  3 lava snakes (Lair:5)
  A bombardier beetle (D:6)
  A human zombie (D:4)
  2 hounds (D:6)
  A jelly (D:4)
  21 orc priests
  Crazy Yiuf (D:3)
  An iron imp (Abyss:3)
  A sleepcap (D:6)
  3 iguanas (D:5)
  22 orc wizards
  2 hound zombies (D:4)
  3 mummies (D:4)
  20 gnolls
  10 adders
  4 river rats (D:6)
  2 shadow imps
  A white imp (D:7)
  2 adder zombies (D:4)
  3 dart slugs
  2 ribbon worms (D:6)
  101 orcs
  5 ball pythons
  6 endoplasms
  3 giant cockroaches
  5 hobgoblins
  3 quokkas
  14 bats
  5 frilled lizards
  5 goblins
  44 kobolds
  12 rats
793 creatures vanquished.

Vanquished Creatures (collateral kills)
  2 very ugly things (Depths:1)
  A deep elf demonologist (Depths:1)
  An orc high priest (Orc:2)
  3 orc knights (Orc:2)
  An ugly thing (Depths:1)
  3 wargs (Orc:2)
  7 orc warriors (Orc:2)
  5 orcs (Orc:2)
23 creatures vanquished.

Grand Total: 816 creatures vanquished

Notes
Turn   | Place    | Note
-------+----------+-------------------------------------------
     0 | D:1      | tbry the Minotaur Fighter began the quest for the Orb.
     0 | D:1      | Reached XP level 1. HP: 19/19 MP: 0/0
   109 | D:1      | Reached XP level 2. HP: 24/27 MP: 1/1
   258 | D:1      | Reached XP level 3. HP: 33/33 MP: 2/2
   782 | D:2      | Found a faded altar of an unknown god.
   960 | D:2      | Found an ornate altar of the Wu Jian Council.
  1380 | D:3      | Reached XP level 4. HP: 24/41 MP: 3/3
  1386 | D:3      | Reached skill level 5 in Fighting
  1551 | D:3      | Learned a level 3 spell: Dazzling Flash
  1586 | D:3      | Reached XP level 5. HP: 48/48 MP: 4/4
  1648 | D:3      | Found a hide-covered altar of Uskayaw.
  2022 | D:3      | Reached skill level 1 in Dodging
  2086 | D:3      | Found a runed translucent door.
  2087 | D:3      | Noticed Crazy Yiuf
  2594 | D:3      | Killed Crazy Yiuf
  2595 | D:3      | Reached skill level 1 in Conjurations
  2715 | D:4      | Reached XP level 6. HP: 46/56 MP: 5/5
  2784 | D:4      | Identified the +8 halberd "Niungom" {freeze, rF+}
  2831 | D:4      | Found a stormy altar of Qazlal.
  2860 | D:4      | Found a bloodstained altar of Trog.
  2891 | D:4      | Became a worshipper of Trog the Wrathful
  3165 | D:4      | Found an opulent altar of Gozag.
  3215 | D:4      | Reached skill level 1 in Polearms
  3284 | D:4      | Found Vegiat's Magic Scroll Shoppe.
  3290 | D:4      | Bought a scroll of enchant armour for 105 gold pieces
  3380 | D:4      | Reached skill level 2 in Polearms
  3380 | D:4      | Reached skill level 5 in Armour
  3380 | D:4      | Reached XP level 7. HP: 56/61 MP: 6/6
  3412 | D:4      | Reached skill level 3 in Polearms
  3414 | D:4      | Found a basalt altar of Yredelemnul.
  3513 | D:5      | Entered Level 5 of the Dungeon
  3574 | D:5      | Found a sacrificial altar of Ru.
  3663 | D:5      | Reached skill level 4 in Polearms
  3726 | D:5      | Noticed Grinder
  3728 | D:5      | Paralysed by Grinder for 5 turns
  3741 | D:5      | Reached * piety under Trog
  3747 | D:5      | Reached skill level 5 in Polearms
  3756 | D:5      | Paralysed by Grinder for 3 turns
  3759 | D:5      | Killed Grinder
  3760 | D:5      | Reached XP level 8. HP: 53/71 MP: 7/7
  3762 | D:5      | Reached skill level 6 in Polearms
  4382 | D:6      | Reached skill level 7 in Polearms
  4413 | D:6      | Found a glowing drain.
  4418 | Sewer    | Entered a sewer
  4424 | Sewer    | Reached ** piety under Trog
  4542 | D:6      | Reached skill level 8 in Polearms
  4619 | D:6      | Reached XP level 9. HP: 79/79 MP: 8/8
  4672 | D:6      | Found a white marble altar of Elyvilon.
  4785 | D:6      | Found a staircase to the Ecumenical Temple.
  4887 | D:6      | Reached skill level 9 in Polearms
  5867 | D:8      | Reached skill level 10 in Polearms
  6164 | D:8      | Noticed Psyche
  6167 | D:8      | Noticed Jeremiah
  6169 | D:8      | Killed Psyche
  6178 | D:8      | Reached skill level 11 in Polearms
  6186 | D:8      | Killed Jeremiah
  6386 | D:8      | Reached *** piety under Trog
  6387 | D:8      | Reached XP level 10. HP: 71/90 MP: 9/9
  6572 | D:8      | Reached skill level 12 in Polearms
  6692 | D:9      | Identified the +0 scale mail of Fun and Games {rN+ Will+
                  | Regen+ Stlth+}
  6712 | D:9      | Found Exeth's Jewellery Emporium.
  6721 | D:9      | Noticed Prince Ribbit
  6800 | D:9      | Noticed Maurice
  6812 | D:9      | Something stole a +2 spear of flaming
  6818 | D:9      | Killed Maurice
  6819 | D:9      | Reached skill level 5 in Dodging
  6844 | D:9      | Found a staircase to the Lair.
  6850 | D:9      | Reached skill level 13 in Polearms
  6851 | D:9      | Identified the ring "Deciorgho" {+Blink Will+ Dex+6 Stlth+}
  6855 | Lair:1   | Entered Level 1 of the Lair of Beasts
  7056 | Lair:1   | Reached skill level 10 in Fighting
  7056 | Lair:1   | Reached XP level 11. HP: 99/99 MP: 10/10
  7076 | Lair:1   | Reached skill level 14 in Polearms
  7092 | Lair:1   | Reached **** piety under Trog
  7853 | Lair:2   | Found a gate leading to a gauntlet.
  7857 | Lair:2   | Noticed a skyshark
  7863 | Lair:2   | Killed a skyshark
  7864 | Lair:2   | Reached skill level 15 in Polearms
  7866 | Gauntlet | Entered a Gauntlet
  7866 | Gauntlet | Noticed a tengu warrior
  7866 | Gauntlet | Found a transporter.
  7880 | Gauntlet | Found a transporter.
  7882 | Gauntlet | Found a transporter.
  7895 | Gauntlet | Found a transporter.
  7896 | Gauntlet | Found a transporter.
  7913 | Gauntlet | Found a transporter.
  7917 | Gauntlet | Noticed a fire crab
  7920 | Gauntlet | Found a transporter.
  7929 | Gauntlet | Noticed a green ugly thing
  7931 | Gauntlet | Found a transporter.
  7931 | Gauntlet | Noticed a glowing orange brain
  7939 | Gauntlet | Found a runed translucent gate.
  7939 | Gauntlet | Found a runed translucent gate.
  7939 | Gauntlet | Found a runed translucent gate.
  7940 | Gauntlet | Noticed a hell hog
  7942 | Gauntlet | Found a runed translucent door.
  7943 | Gauntlet | Found a transporter.
  7944 | Gauntlet | Found a runed translucent door.
  7946 | Gauntlet | Noticed a brown ugly thing
  7957 | Gauntlet | Found a transporter.
  7972 | Gauntlet | Found a transporter.
  7972 | Gauntlet | Found a transporter.
  7974 | Gauntlet | Noticed an arcanist
  8014 | Gauntlet | Found a transporter.
  8028 | Gauntlet | Found a transporter.
  8220 | Gauntlet | Killed a tengu warrior
  8294 | Gauntlet | Identified the amulet "Qodof" {rC+ rN+ Regen+ Stlth+}
  8469 | Gauntlet | Noticed a minotaur
  8487 | Gauntlet | Killed a minotaur
  8494 | Gauntlet | Identified the +0 ring mail "Ibosch" {rF+ Int+5}
  8540 | Lair:2   | Noticed Harold
  8554 | Lair:2   | Killed Harold
  8555 | Lair:2   | Reached skill level 10 in Armour
  8597 | Lair:2   | Reached skill level 16 in Polearms
  8597 | Lair:2   | Reached XP level 12. HP: 91/112 MP: 11/11
  8647 | Lair:2   | Found a shimmering altar of Xom.
  8657 | Lair:2   | Found a staircase to the Snake Pit.
  8766 | Lair:2   | Found a staircase to the Shoals.
  9116 | Lair:2   | Identified the +1 flail of the Unliving {venom, Dex+3}
  9495 | Lair:3   | Reached ***** piety under Trog
  9514 | Lair:3   | Identified the +5 long sword of Impatience {freeze,
                  | ^Fragile +Blink Dex+3}
  9578 | Lair:3   | Reached skill level 17 in Polearms
 10210 | Lair:4   | Found a runed translucent door.
 10210 | Lair:4   | Noticed Lutiheq's ghost (journeyman DrSh)
 10237 | Lair:4   | Killed Lutiheq's ghost
 10238 | Lair:4   | Reached XP level 13. HP: 116/124 MP: 12/12
 10836 | Lair:5   | Entered Level 5 of the Lair of Beasts
 11099 | Lair:5   | Received a gift from Trog
 11215 | Lair:5   | Reached skill level 15 in Fighting
 11235 | Lair:5   | Found a viscous altar of Jiyva.
 11238 | Lair:5   | Found a staircase to the Slime Pits.
 11543 | Lair:5   | Reached skill level 18 in Polearms
 11924 | Lair:5   | Reached XP level 14. HP: 137/137 MP: 13/13
 12478 | Lair:4   | Reached skill level 1 in Evocations
 12596 | D:9      | Killed Prince Ribbit
 12634 | D:9      | Identified the +0 plate armour "Esomociv" {rC- rN++}
 13263 | D:10     | Entered Level 10 of the Dungeon
 13281 | D:10     | Received a gift from Trog
 13320 | D:10     | Noticed Fannar
 13328 | D:10     | Killed Fannar
 13661 | D:10     | Reached skill level 19 in Polearms
 13928 | D:10     | Reached skill level 1 in Stealth
 15074 | D:12     | Noticed Nergalle
 15090 | D:12     | Killed Nergalle
 15090 | D:12     | Reached ****** piety under Trog
 15148 | D:12     | Found a staircase to the Orcish Mines.
 15152 | D:12     | Noticed Urug
 15167 | D:12     | Killed Urug
 15499 | Orc:1    | Entered Level 1 of the Orcish Mines
 15586 | Orc:1    | Noticed Josephine
 15592 | Orc:1    | Killed Josephine
 15901 | Orc:2    | Entered Level 2 of the Orcish Mines
 16054 | Orc:1    | Found Yrurch's Antique Armour Boutique.
 16063 | Orc:1    | Bought a runed hat for 217 gold pieces
 16261 | Orc:2    | Received a gift from Trog
 16279 | Orc:2    | Reached skill level 20 in Polearms
 16379 | Orc:2    | Found Eloafis's Jewellery Shop.
 16402 | Orc:2    | Found a runed translucent gate.
 16402 | Orc:2    | Found a runed translucent gate.
 16404 | Orc:2    | Found a runed translucent gate.
 16412 | Orc:2    | Noticed gummybears's ghost (journeyman TrFi)
 16412 | Orc:2    | Noticed Eolas's ghost (journeyman TrFi)
 16412 | Orc:2    | Noticed Dungobob's ghost (journeyman MiFi)
 16440 | Orc:2    | Found a shimmering altar of Xom.
 16568 | Orc:2    | Found a staircase to the Elven Halls.
 16648 | Orc:2    | Reached XP level 15. HP: 149/149 MP: 14/14
 16841 | Orc:2    | Received a gift from Trog
 16842 | Orc:2    | Found Siuheomiq's General Store.
 16850 | Orc:2    | Bought a potion of curing for 39 gold pieces
 16850 | Orc:2    | Bought a scroll of identify for 26 gold pieces
 16909 | Orc:2    | Found Sooshann's Antique Weapon Shop.
 16938 | Orc:2    | Bought a smoking war axe for 306 gold pieces
 16938 | Orc:2    | Identified the +2 war axe "Vinkiser" {pain, rElec Str-3
                  | SInv} (You bought it in a shop on level 2 of the Orcish
                  | Mines)
 17116 | Orc:2    | Killed gummybears's ghost
 17122 | Orc:2    | Killed Eolas's ghost
 17128 | Orc:2    | Killed Dungobob's ghost
 17139 | Orc:2    | Identified the +10 rapier of Salt {venom, MP+9}
 17591 | D:13     | Reached skill level 1 in Ranged Weapons
 18203 | D:14     | Found a hazy altar of Hepliaklqana.
 18578 | D:14     | Found a gate to the Vaults.
 18579 | D:14     | Noticed a frost giant
 18590 | D:14     | Killed a frost giant
 18983 | D:15     | Entered Level 15 of the Dungeon
 19057 | D:15     | Reached skill level 15 in Armour
 19168 | D:15     | Reached skill level 21 in Polearms
 19497 | D:15     | Noticed Louise
 19502 | Abyss:3  | Cast into level 3 of the Abyss (Louise)
 19620 | D:15     | Escaped the Abyss
 19629 | D:15     | Killed Louise
 19911 | D:15     | Noticed Roxanne
 20169 | D:15     | Killed Roxanne
 20179 | D:15     | Found a staircase to the Depths.
 20270 | Depths:1 | Entered Level 1 of the Depths
 20270 | Depths:1 | Found a shadowy altar of Dithmenos.
 20369 | Depths:1 | Reached XP level 16. HP: 95/161 MP: 15/15
 20423 | Depths:1 | Found a one-way gate to the infinite horrors of the Abyss.
 20443 | Depths:1 | Reached skill level 22 in Polearms
 20444 | Depths:1 | Received a gift from Trog
 20459 | Depths:1 | HP: 5/162 [spriggan berserker/+1 antimagic war axe (19)]
 20462 | Depths:1 | Slain by a spriggan berserker

Illustrated notes

Levels and vault maps discovered:
D:1:      hellmonk_arrival_library, layout_rooms
D:2:      layout_basic, basic_altar, shapermc_ecumenical_altar_notcrosses
D:3:      layout_loops_corners, nicolae_uskayaw_murder_on_the_dancefloor,
          roderic_lattice_a, uniq_crazy_yiuf_cottage
D:4:      layout_rooms, nicolae_qazlal_general_emergency,
          lemuel_mausoleum_altar_yredelemnul, mainiacjoe_overflow_alcove_2,
          lemuel_crystal_altar, serial_shops, nicolae_shop_crystal
D:5:      layout_basic, nicolae_ru_great_annihilating_truth, uniq_grinder
D:6:      layout_loops_ring, mainiacjoe_overflow_24_doors,
          minmay_temple_entry_grid, lightli_sewer_entry_pipes
D:7:      layout_rooms, minmay_misc_feat_four_crosses
D:8:      layout_loops_ring, grunt_ministairs_3, skrybe_limestone_x,
          uniq_jeremiah, uniq_psyche
D:9:      layout_basic, grunt_lair_entry_orc_guard_hut, serial_shops,
          shop_statue, uniq_maurice, uniq_prince_ribbit1
D:10:     layout_gridville, special_room [special_room_kobold],
          minmay_fractal_squares_gapless_7, uniq_fannar
D:11:     layout_layer_cave, nicolae_tricolors
D:12:     layout_big_octagon, erik_orc_4, uniq_nergalle, uniq_urug
D:13:     layout_roguey
D:14:     layout_loops_ring, hellmonk_vaults_attempted_burglary, abandoned_shop,
          worldfamousw_hep_ancestral_shrine
D:15:     hangedman_depths_entry_try_elsewhere_first, layout_cave_pods,
          nicolae_two_hexagons, uniq_louise, uniq_roxanne
Lair:1:   layout_gridlike
Lair:2:   layout_hall_layers, minmay_shoals_entry_beasts, dummy_snake_entry,
          basic_altar, gauntlet_entry_generic, uniq_harold
Lair:3:   layout_misc_corridors
Lair:4:   layout_loops_ring, ebering_ghost_reflecting_pool
Lair:5:   minmay_lair_end_enchanted_forest, layout_hall_layers, slime_entry_1,
          disabler_island
Orc:1:    nicolae_orc_accident_3, layout_caves, serial_shops, shop,
          uniq_josephine
Orc:2:    st_orc_town, layout_caves, gammafunk_ghost_cemetery,
          regret_index_xom_of_box
Depths:1: layout_honeycomb, grunt_dithmenos_smoke_and_mirrors, hellmouth_2,
          nicolae_abyss_entry_one_way_or_another,
          chequers_serial_rivers_micro_c, evilmike_spriggan_trog_shrine

Skill      XL: |  1  2  3  4  5  6  7  8  9 10 11 12 13 14 15 16 |
---------------+-------------------------------------------------+-----
Fighting       | 4 5 6 7 8 10 11 14 16 17 19 | 19.8
Armour         | 4 5 6 7 8 10 12 13 14 15 | 15.2
Shields        | 4 |  4.7
Axes           | 3 4 |  4.5
Dodging        | 1 2 3 4 5 6 |  6.5
Conjurations   | 1 |  1.0
Polearms       | 2 5 8 11 13 16 17 18 20 21 22 | 22.0
Evocations     | 1 |  1.3
Stealth        | 1 |  1.5
Ranged Weapons | 2 |  2.6
Spellcasting   | |  0.2
Hexes          | |  0.9

Action                     |  1- 3 |  4- 6 |  7- 9 | 10-12 | 13-15 | 16-18 || total
---------------------------+-------+-------+-------+-------+-------+-------++-------
  Melee: War axe           |    74 |    43 |       |       |       |       ||   117
         Headbutt          |     8 |    19 |    26 |    95 |   241 |     7 ||   396
         Spear             |       |    26 |       |       |       |       ||    26
         Halberd           |       |    35 |   209 |   422 |   555 |       ||  1221
         Glaive            |       |       |       |       |   578 |    38 ||   616
   Fire: Arbalest          |       |       |       |       |    29 |       ||    29
 Invoke: Berserk           |       |       |     2 |     7 |    15 |     1 ||    25
         Brothers in Arms  |       |       |       |       |     2 |     3 ||     5
         Trog's Hand       |       |       |       |       |     1 |     1 ||     2
  Evoke: Wand              |       |       |       |       |     8 |       ||     8
         Lightning rod     |       |       |       |       |     2 |       ||     2
    Use: Scroll            |       |     5 |       |    12 |    13 |     1 ||    31
         Potion            |       |       |     1 |       |     1 |     3 ||     5
 Armour: Scale mail        |    63 |    11 |       |       |       |       ||    74
         Ring mail         |       |    58 |   111 |       |       |       ||   169
         Plate armour      |       |       |    41 |   306 |  1014 |    66 ||  1427
  Dodge: Dodged            |    40 |    57 |   132 |   231 |   842 |    35 ||  1337
  Block: Buckler           |    19 |    19 |       |       |       |       ||    38
